 Dungeon Crawl Stone Soup version 0.27.1 (webtiles) character file.

Game seed: 11036908311958085736

506 Kala the Ruffian (level 6, 0/52 HPs)
             Began as a Draconian Transmuter on Aug 31, 2021.
             Slain by Pikel (1 damage)
             ... on level 4 of the Dungeon.
             The game lasted 00:21:17 (4128 turns).

Kala the Ruffian (Draconian Transmuter)             Turns: 4128, Time: 00:21:17

Health: 0/52       AC:  2    Str: 13    XL:     6   Next: 97%
Magic:  7/10       EV: 20    Int: 14    God:
Gold:   166        SH:  0    Dex: 17    Spells: 5/11 levels left

rFire    . . .     SeeInvis .     - Unarmed
rCold    . . .     Faith    .   (shield currently unavailable)
rNeg     . . .     Spirit   .   (armour unavailable)
rPois    x         Reflect  .   (helmet currently unavailable)
rElec    .         Harm     .   (cloak currently unavailable)
rCorr    .         Rampage  .   (gloves currently unavailable)
Will     .....                  (boots currently unavailable)
Stlth    ++........             (no amulet)
HPRegen  0.17/turn              (no ring)
MPRegen  0.12/turn              (no ring)

@: spider-form
A: venomous fangs, AC +6, tiny, unfitting armour, (cold-blooded)
a: End Transformation


You were on level 4 of the Dungeon.
You were a venomous arachnid creature.
You visited 1 branch of the dungeon, and saw 4 of its levels.

You collected 166 gold pieces.

Inventory:

Armour
 a - a +0 cloak (melded)
Wands
 f - a wand of iceblast (5)
Scrolls
 g - a scroll of fear
 i - a scroll of teleportation {unknown}
Potions
 b - a potion of berserk rage {unknown}
 c - a potion of brilliance {unknown}
 d - 2 potions of degeneration {unknown}
 e - 2 potions of mutation {unknown}
 h - a potion of attraction {unknown}


   Skills:
 * Level 3.8 Fighting
 + Level 2.7 Dodging
 + Level 1.1 Stealth
 + Level 4.6 Unarmed Combat
 + Level 3.1 Spellcasting
 + Level 2.8 Transmutations
 * Level 2.6 Poison Magic


You had 5 spell levels left.
You knew the following spells:

 Your Spells              Type           Power      Damage    Failure   Level
a - Beastly Appendage     Tmut           20%        N/A       19%         1
b - Wereblood             Tmut           10%        N/A       24%         2
c - Spider Form           Tmut/Pois      4%         N/A       41%         3

Your spell library contained the following spells:

 Spells                   Type           Power      Damage    Failure   Level
 Shock                    Conj/Air       8%         1d3       43%         1
 Gell's Gravitas          Tloc           1%         N/A       75%         3
 Teleport Other           Tloc           2%         N/A       75%         3
 Ice Form                 Ice/Tmut       6%         N/A       89%         4
 Bolt of Magma            Conj/Fire/Erth 1%         4d4       100%        5
 Dispersal                Tloc           1%         N/A       100%        6
 Statue Form              Tmut/Erth      4%         N/A       100%        6
 Lehudib's Crystal Spear  Conj/Erth      1%         10d2      100%        8


Dungeon Overview and Level Annotations

Branches:
Dungeon (4/15)
 Temple: D:4-7

Altars:
Cheibriados

Annotations:
D:4 Pikel


Innate Abilities, Weirdness & Mutations

You are a venomous arachnid creature.
You have poisonous fangs.
You are tiny and dextrous.
Your spellcasting is less reliable in this form.
Your armour is entirely melded.
You are incapable of wielding weapons or throwing items.
((Your plain brown scales are hard. (AC +6)))
You cannot fit into any form of body armour.
((You are cold-blooded and may be slowed by cold attacks.))


Message History

Pikel is moderately wounded.
Pikel misses you.
Your transformation is almost over.
You hit Pikel.
Pikel looks even sicker.
Pikel is heavily wounded.
Pikel misses you.
Your transformation has ended.
Your +0 cloak unmelds from your body.
Pikel says, "You'll make a fine lemure."
Found 21 arrows.
You barely miss Pikel.
Pikel is almost dead.
Pikel hits you with a +1 whip of freezing.
* * * LOW HITPOINT WARNING * * *
Pikel freezes you.
* * * LOW HITPOINT WARNING * * *
A hobgoblin comes into view.
Pikel looks more healthy.
Casting: Spider Form (dangerous; 21% risk of failure)
Confirm with . or Enter, or press ? or * to list all spells.
Okay, then.
Casting: Spider Form (dangerous; 21% risk of failure)
Confirm with . or Enter, or press ? or * to list all spells.
You don't know that spell.
Casting: Spider Form (dangerous; 21% risk of failure)
Confirm with . or Enter, or press ? or * to list all spells.
You turn into a venomous arachnid creature.
Your +0 cloak melds into your body.
Pikel barely misses you.
You barely miss Pikel.
Pikel is almost dead.
Pikel closely misses you.
You completely miss Pikel.
Pikel is almost dead.
Pikel closely misses you.
You hit Pikel but do no damage.
Pikel is poisoned.
Pikel is almost dead.
Pikel hits you with a +1 whip of freezing.
* * * LOW HITPOINT WARNING * * *
Pikel freezes you.
You die...

## #.### #..##
####...## ..
#.......## ...
###..##s.# g...
#..###K### #...#
########..#
##55###....#
##..5.5.5.##
##5.#.(..##
#..5.###..# ##.5.....#
###..###
##########..###..#
##...## ##..##...##
.....5#######..555.###
##.......##....#####


You could see Pikel (very poisoned) and 4 lemures.

Vanquished Creatures
  Sigmund (D:3)
  An ogre (D:4)
  A wyvern zombie (D:4)
  Ijyb (D:3)
  An orc wizard (D:3)
  Terence (D:3)
  Robin (D:3)
  2 adders (D:2)
  2 adder skeletons (D:4)
  A worm (D:4)
  3 dart slugs
  5 orcs
  7 ball pythons
  2 bats
  15 endoplasms
  2 giant cockroaches (D:1)
  16 goblins
  6 hobgoblins
  2 jackals (D:1)
  4 kobolds
  2 quokkas (D:1)
  4 frilled lizards
  3 rats
83 creatures vanquished.

Notes
Turn   | Place    | Note
-------+----------+-------------------------------------------
     0 | D:1      | Kala the Draconian Transmuter began the quest for the Orb.
     0 | D:1      | Reached XP level 1. HP: 16/16 MP: 3/3
   281 | D:1      | Reached XP level 2. HP: 16/24 MP: 5/5
   643 | D:1      | Reached XP level 3. HP: 17/29 MP: 4/6
   651 | D:1      | Reached skill level 1 in Poison Magic
  1290 | D:1      | Found a faded altar of an unknown god.
  1438 | D:2      | Learned a level 2 spell: Wereblood
  1442 | D:2      | Learned a level 3 spell: Spider Form
  1556 | D:2      | Got the Catalogue of Shape Shifting and Arcane Weapons
  1908 | D:2      | Reached XP level 4. HP: 36/37 MP: 7/7
  2096 | D:3      | Found a snail-covered altar of Cheibriados.
  2104 | D:3      | Noticed Terence
  2122 | D:3      | Killed Terence
  2311 | D:3      | Noticed Ijyb
  2331 | D:3      | Killed Ijyb
  2833 | D:3      | Noticed Sigmund
  2849 | D:3      | Killed Sigmund
  2850 | D:3      | Reached skill level 1 in Stealth
  2850 | D:3      | Reached skill level 4 in Unarmed Combat
  2850 | D:3      | Reached XP level 5. HP: 45/45 MP: 5/9
  2850 | D:3      | Reached XP level 6. HP: 51/51 MP: 5/10
  3087 | D:3      | Noticed Robin
  3103 | D:3      | Killed Robin
  4067 | D:4      | Noticed Pikel
  4116 | D:4      | HP: 2/52 [Pikel (1)]
  4128 | D:4      | HP: 1/52 [Pikel (3)]
  4128 | D:4      | Slain by Pikel

Illustrated notes

Levels and vault maps discovered:
D:1:      beargit_arrival_greenhouse, layout_basic,
          shapermc_ecumenical_altar_hornbeckon, minmay_misc_feat_rows,
          minmay_misc_feat_alley, minmay_box_of_dots
D:2:      layout_loops_ring
D:3:      layout_loops_corners, lemuel_doored_altar, uniq_terence, uniq_robin,
          uniq_ijyb, uniq_sigmund
D:4:      layout_layer_cave, uniq_pikel

Skill      XL: |  1  2  3  4  5  6 |
---------------+-------------------+-----
Fighting       | 2 3 |  3.8
Poison Magic   | 1 2 |  2.6
Dodging        | 2 |  2.7
Stealth        | 1 |  1.1
Unarmed Combat | 4 |  4.6
Spellcasting   | 3 |  3.1
Transmutations | |  2.8

Action                   |  1- 3 |  4- 6 || total
-------------------------+-------+-------++-------
Melee: Unarmed           |   131 |   162 ||   293
       Kick              |    32 |    24 ||    56
       Headbutt          |     9 |    15 ||    24
       Tailslap          |     7 |     8 ||    15
       Punch             |       |     4 ||     4
 Cast: Beastly Appendage |    22 |    17 ||    39
       Spider Form       |       |     5 ||     5
  Use: Scroll            |     3 |     1 ||     4
 Stab: Sleeping          |     5 |       ||     5
Armor: Skin              |    27 |    29 ||    56
Dodge: Dodged            |    72 |    84 ||   156
